| TOP OF THE 1ST |
|
Detroit Tigers batting - Pitching for California Angels : LHP Jeff Baker
|
|
Pitching: LHP Jeff Baker
|
|
|
Batting: RHB Andres Leon
|
0-0: Ball 1-0: Ball 2-0: Called Strike 2-1: Foul Ball, location: 2F 2-2: Strikes out swinging
|
|
Batting: RHB Chris Wheatley
|
0-0: Ball 1-0: Ground out 6-3 (Groundball, 6M, EV 80.6 MPH)
|
|
Batting: RHB Victor Quinones
|
0-0: Ball 1-0: Swinging Strike 1-1: Foul Ball, location: 2F 1-2: Fly out, F9 (Line Drive, 8RM, EV 98.1 MPH)
|
| Top of the 1st over - 0 runs, 0 hits, 0 errors, 0 left on base; Detroit 0 - California 0 |
| BOTTOM OF THE 1ST |
|
California Angels batting - Pitching for Detroit Tigers : RHP Eric Putnam
|
|
Pitching: RHP Eric Putnam
|
|
|
Batting: RHB Alain Delhaye
|
0-0: Ball 1-0: Called Strike 1-1: Ball 2-1: Ball 3-1: Ground out 6-3 (Groundball, 56, EV 104.4 MPH)
|
|
Batting: LHB Rusty Ney
|
0-0: Ball 1-0: Called Strike 1-1: Called Strike 1-2: Ball 2-2: Ball 3-2: Foul Ball, location: 2F 3-2: Ground out U3 (Groundball, 3L, EV 88.1 MPH)
|
|
Batting: LHB Mark Reeg
|
0-0: SOLO HOME RUN (Line Drive, 7D, EV 98.8 MPH), Distance : 374 ft
|
|
Batting: RHB Nick Dunn
|
0-0: Swinging Strike 0-1: Ball 1-1: SINGLE (Line Drive, 8LS, EV 90.6 MPH)
|
|
Batting: RHB Preston Deakyne
|
0-0: Called Strike 0-1: Swinging Strike 0-2: Ball Nick Dunn steals 2nd base 1-2: Ball 2-2: Ball 3-2: Base on Balls
|
|
Batting: RHB Bjoern Waltersson
|
0-0: Foul Ball, location: 2F 0-1: SINGLE (Groundball, P, EV 77.5 MPH) (infield hit) Nick Dunn to third Preston Deakyne to second
|
|
Batting: LHB Jonathon Walton
|
0-0: Called Strike 0-1: Called Strike 0-2: Ball 1-2: Foul Ball, location: 2F 1-2: Foul Ball, location: 2F 1-2: Strikes out swinging
|
| Bottom of the 1st over - 1 run, 3 hits, 0 errors, 3 left on base; Detroit 0 - California 1 |
| TOP OF THE 2ND |
|
Detroit Tigers batting - Pitching for California Angels : LHP Jeff Baker
|
|
Batting: LHB Dave Carlisle
|
0-0: Ball 1-0: Called Strike 1-1: Swinging Strike 1-2: Fly out, F7 (Line Drive, 7, EV 93.8 MPH)
|
|
Batting: SHB Ross Holland
|
0-0: Called Strike 0-1: Ball 1-1: Ball 2-1: Ball 3-1: Fly out, F9 (Flyball, 9, EV 90.6 MPH)
|
|
Batting: RHB Dan Friess
|
0-0: Called Strike 0-1: Swinging Strike 0-2: Ball 1-2: Strikes out looking
|
| Top of the 2nd over - 0 runs, 0 hits, 0 errors, 0 left on base; Detroit 0 - California 1 |
| BOTTOM OF THE 2ND |
|
California Angels batting - Pitching for Detroit Tigers : RHP Eric Putnam
|
|
Batting: RHB Avery Maxwell
|
0-0: Called Strike 0-1: Ball 1-1: Ball 2-1: Called Strike 2-2: Ball 3-2: Fly out, F9 (Flyball, 89S, EV 73.1 MPH)
|
|
Batting: LHB Javier Trujillo
|
0-0: Ball 1-0: SINGLE (Flyball, 56D, EV 91.9 MPH)
|
|
Batting: RHB Alain Delhaye
|
0-0: Ball Javier Trujillo steals 2nd base 1-0: Ground out 6-3 (Groundball, 6S, EV 91.2 MPH) Javier Trujillo to third
|
|
Batting: LHB Rusty Ney
|
0-0: Ball 1-0: Swinging Strike 1-1: Foul Ball, location: 2F 1-2: Fly out, F8 (Flyball, 78M, EV 90.0 MPH)
|
| Bottom of the 2nd over - 0 runs, 1 hit, 0 errors, 1 left on base; Detroit 0 - California 1 |
| TOP OF THE 3RD |
|
Detroit Tigers batting - Pitching for California Angels : LHP Jeff Baker
|
|
Batting: LHB Morgan Black
|
0-0: Called Strike 0-1: Foul Ball, location: 2F 0-2: Foul Ball, location: 2F 0-2: Ball 1-2: Ball 2-2: Strikes out looking
|
|
Batting: RHB Dan Becvar
|
0-0: Ball 1-0: Foul Ball, location: 2F 1-1: Ball 2-1: Foul Ball, location: 2F 2-2: Strikes out swinging
|
|
Batting: LHB Tyler Davis
|
0-0: Ball 1-0: Ball 2-0: Ball 3-0: Called Strike 3-1: Foul Ball, location: 2F 3-2: Strikes out swinging
|
| Top of the 3rd over - 0 runs, 0 hits, 0 errors, 0 left on base; Detroit 0 - California 1 |
| BOTTOM OF THE 3RD |
|
California Angels batting - Pitching for Detroit Tigers : RHP Eric Putnam
|
|
Batting: LHB Mark Reeg
|
0-0: Fly out, F8 (Line Drive, 8RM, EV 101.9 MPH)
|
|
Batting: RHB Nick Dunn
|
0-0: Ball 1-0: SINGLE (Line Drive, 9LS, EV 94.4 MPH)
|
|
Batting: RHB Preston Deakyne
|
0-0: Ball 1-0: Ball 2-0: Ball 3-0: Called Strike 3-1: Foul Ball, location: 2F 3-2: Base on Balls Nick Dunn to second
|
|
Batting: RHB Bjoern Waltersson
|
0-0: Ball 1-0: Fielders Choice at 2nd, 3-6 (Groundball, 13, EV 85.6 MPH) Nick Dunn to third
|
|
Batting: LHB Jonathon Walton
|
0-0: Ball 1-0: SINGLE (Groundball, 25, EV 62.5 MPH) (infield hit) Nick Dunn scores Bjoern Waltersson to second
|
|
Batting: RHB Avery Maxwell
|
0-0: Ball 1-0: Fielders Choice at 2nd, 5-4 (Groundball, 56, EV 103.8 MPH)
|
| Bottom of the 3rd over - 1 run, 2 hits, 0 errors, 2 left on base; Detroit 0 - California 2 |
| TOP OF THE 4TH |
|
Detroit Tigers batting - Pitching for California Angels : LHP Jeff Baker
|
|
Batting: RHB Andres Leon
|
0-0: Called Strike 0-1: Ball 1-1: Swinging Strike 1-2: Foul Ball, location: 2F 1-2: Fly out, F8 (Flyball, 8LD, EV 104.4 MPH)
|
|
Batting: RHB Chris Wheatley
|
0-0: Foul Ball, location: 2F 0-1: Ball 1-1: Called Strike 1-2: Ball 2-2: Ball 3-2: Fly out, F8 (Flyball, 8RM, EV 95.6 MPH)
|
|
Batting: RHB Victor Quinones
|
0-0: Called Strike 0-1: Ball 1-1: Called Strike 1-2: Ball 2-2: Ball 3-2: Strikes out swinging
|
| Top of the 4th over - 0 runs, 0 hits, 0 errors, 0 left on base; Detroit 0 - California 2 |
| BOTTOM OF THE 4TH |
|
California Angels batting - Pitching for Detroit Tigers : RHP Eric Putnam
|
|
Batting: LHB Javier Trujillo
|
0-0: Ground out 6-3 (Groundball, 6, EV 100.6 MPH)
|
|
Batting: RHB Alain Delhaye
|
0-0: Called Strike 0-1: Fly out, F7 (Flyball, 7LM, EV 85.6 MPH)
|
|
Batting: LHB Rusty Ney
|
0-0: Ground out 4-3 (Groundball, 4MS, EV 85.6 MPH)
|
| Bottom of the 4th over - 0 runs, 0 hits, 0 errors, 0 left on base; Detroit 0 - California 2 |
| TOP OF THE 5TH |
|
Detroit Tigers batting - Pitching for California Angels : LHP Jeff Baker
|
|
Batting: LHB Dave Carlisle
|
0-0: Foul Ball, location: 2F 0-1: Called Strike 0-2: Ball 1-2: Ball 2-2: Ground out 6-3 (Groundball, 6M, EV 100.6 MPH)
|
|
Batting: SHB Ross Holland
|
0-0: Swinging Strike 0-1: Foul Ball, location: 2F 0-2: Ball 1-2: Strikes out swinging
|
|
Batting: RHB Dan Friess
|
0-0: Ball 1-0: Foul Ball, location: 2F 1-1: Ball 2-1: Fly out, F7 (Flyball, 7LMF, EV 75.0 MPH)
|
| Top of the 5th over - 0 runs, 0 hits, 0 errors, 0 left on base; Detroit 0 - California 2 |
| BOTTOM OF THE 5TH |
|
California Angels batting - Pitching for Detroit Tigers : RHP Eric Putnam
|
|
Batting: LHB Mark Reeg
|
0-0: Foul Ball, location: 2F 0-1: Ground out 6-3 (Groundball, 4, EV 80.0 MPH)
|
|
Batting: RHB Nick Dunn
|
0-0: Ball 1-0: Called Strike 1-1: Fly out, F9 (Flyball, 9, EV 81.2 MPH)
|
|
Batting: RHB Preston Deakyne
|
0-0: Called Strike 0-1: Ball 1-1: Ball 2-1: Fly out, F8 (Line Drive, 8LM, EV 90.6 MPH)
|
| Bottom of the 5th over - 0 runs, 0 hits, 0 errors, 0 left on base; Detroit 0 - California 2 |
| TOP OF THE 6TH |
|
Detroit Tigers batting - Pitching for California Angels : LHP Jeff Baker
|
|
Batting: LHB Morgan Black
|
0-0: Ball 1-0: Foul Ball, location: 2F 1-1: Ball 2-1: Ball 3-1: Fly out, F8 (Flyball, 8RS, EV 85.0 MPH)
|
|
Batting: RHB Dan Becvar
|
0-0: Ground out 5-3 (Groundball, 56, EV 106.9 MPH)
|
|
Batting: LHB Tyler Davis
|
0-0: Ball 1-0: Called Strike 1-1: Ball 2-1: Fly out, F4 (Line Drive, 34D, EV 88.8 MPH)
|
| Top of the 6th over - 0 runs, 0 hits, 0 errors, 0 left on base; Detroit 0 - California 2 |
| BOTTOM OF THE 6TH |
|
California Angels batting - Pitching for Detroit Tigers : RHP Eric Putnam
|
|
Batting: RHB Bjoern Waltersson
|
0-0: Called Strike 0-1: Fly out, F7 (Flyball, 78XD, EV 103.8 MPH)
|
|
Batting: LHB Jonathon Walton
|
0-0: Ball 1-0: Ball 2-0: Ball 3-0: Base on Balls
|
|
Batting: RHB Avery Maxwell
|
0-0: Grounds into double play, 6-4-3 (Groundball, 56, EV 95.6 MPH)
|
| Bottom of the 6th over - 0 runs, 0 hits, 0 errors, 0 left on base; Detroit 0 - California 2 |
| TOP OF THE 7TH |
|
Detroit Tigers batting - Pitching for California Angels : LHP Jeff Baker
|
|
Batting: RHB Andres Leon
|
0-0: Called Strike 0-1: Ball 1-1: Ball 2-1: Ball 3-1: Base on Balls
|
|
Batting: RHB Chris Wheatley
|
0-0: Ball 1-0: Swinging Strike 1-1: Swinging Strike 1-2: Strikes out swinging
|
|
Batting: RHB Victor Quinones
|
0-0: Swinging Strike 0-1: Called Strike 0-2: Ball 1-2: Ball 2-2: Strikes out swinging
|
|
Batting: LHB Dave Carlisle
|
0-0: Ball 1-0: SINGLE (Flyball, 6D, EV 93.1 MPH) Andres Leon to second
|
|
Batting: SHB Ross Holland
|
0-0: Called Strike 0-1: Ball 1-1: Ball 2-1: Foul Ball, location: 2F 2-2: Strikes out swinging
|
| Top of the 7th over - 0 runs, 1 hit, 0 errors, 2 left on base; Detroit 0 - California 2 |
| BOTTOM OF THE 7TH |
|
California Angels batting - Pitching for Detroit Tigers : RHP Eric Putnam
|
|
Batting: LHB Javier Trujillo
|
0-0: Foul Ball, location: 2F 0-1: Ground out 1-3 (Groundball, 15S, EV 68.8 MPH)
|
|
Batting: RHB Alain Delhaye
|
0-0: Called Strike 0-1: Ball 1-1: Fly out, F4 (Popup, 4D, EV 45.6 MPH)
|
|
Batting: LHB Rusty Ney
|
0-0: Ball 1-0: Foul Ball, location: 2F 1-1: Fly out, F9 (Flyball, 9, EV 90.0 MPH)
|
| Bottom of the 7th over - 0 runs, 0 hits, 0 errors, 0 left on base; Detroit 0 - California 2 |
| TOP OF THE 8TH |
|
Detroit Tigers batting - Pitching for California Angels : LHP Jeff Baker
|
|
Pitching: RHP Marshall Barron
|
|
|
Batting: RHB Dan Friess
|
0-0: Ball 1-0: Ball 2-0: Ball 3-0: Ground out U3 (Groundball, 3, EV 92.5 MPH)
|
|
Batting: LHB Morgan Black
|
0-0: Foul Ball, location: 2F 0-1: Ball 1-1: Foul Ball, location: 2F 1-2: Foul Ball, location: 2F 1-2: Strikes out swinging
|
|
Batting: RHB Dan Becvar
|
0-0: Called Strike 0-1: Ground out 5-3 (Groundball, 5S, EV 85.0 MPH)
|
| Top of the 8th over - 0 runs, 0 hits, 0 errors, 0 left on base; Detroit 0 - California 2 |
| BOTTOM OF THE 8TH |
|
California Angels batting - Pitching for Detroit Tigers : RHP Eric Putnam
|
|
Batting: LHB Mark Reeg
|
0-0: Called Strike 0-1: Called Strike 0-2: Fly out, F9 (Flyball, 9S, EV 75.0 MPH)
|
|
Batting: RHB Nick Dunn
|
0-0: Swinging Strike 0-1: Called Strike 0-2: Foul Ball, location: 2F 0-2: Fly out, F8 (Line Drive, 8RD, EV 93.8 MPH)
|
|
Batting: RHB Preston Deakyne
|
0-0: Ball 1-0: Ball 2-0: Swinging Strike 2-1: Ground out 4-3 (Groundball, 4, EV 98.8 MPH)
|
| Bottom of the 8th over - 0 runs, 0 hits, 0 errors, 0 left on base; Detroit 0 - California 2 |
| TOP OF THE 9TH |
|
Detroit Tigers batting - Pitching for California Angels : RHP Marshall Barron
|
|
Batting: LHB Tyler Davis
|
0-0: Hit by Pitch
|
|
Pinch Hitting: LHB Conrad Taylor
|
0-0: Swinging Strike 0-1: Swinging Strike 0-2: Ball 1-2: Strikes out swinging
|
|
Pinch Hitting: LHB Frank McConnell
|
0-0: Ball 1-0: Foul Ball, location: 2F 1-1: Ball 2-1: Ball 3-1: Base on Balls Tyler Davis to second
|
|
Pinch Runner at 2nd Adam Weber:
|
|
|
Batting: RHB Victor Quinones
|
0-0: Called Strike 0-1: Swinging Strike 0-2: Strikes out swinging
|
|
Batting: LHB Dave Carlisle
|
0-0: Foul Ball, location: 2F 0-1: Foul Ball, location: 2F 0-2: Fly out, F8 (Flyball, 8LM, EV 90.0 MPH)
|
| Top of the 9th over - 0 runs, 0 hits, 0 errors, 2 left on base; Detroit 0 - California 2 |
|